 Dungeon Crawl Stone Soup version 0.29.1-12-g30fa7ad0bf (webtiles) character file.

Game seed: 8153134121360434428

2801 xzight the Ruffian (level 9, 0/88 HPs)
             Began as a Troll Fighter on Dec 27, 2022.
             Was a Priest of Okawaru.
             Slain by a spriggan
             ... wielding a +0 trident
              (4 damage)
             ... in a bailey.
             The game lasted 00:19:43 (6061 turns).

xzight the Ruffian (Troll Fighter)                  Turns: 6061, Time: 00:19:43

Health: 0/88       AC:  6    Str: 30    XL:     9   Next: 44%
Magic:  8/10       EV: 10    Int:  4    God:    Okawaru [***...]
Gold:   515        SH: 10    Dex:  9    Spells: 8/8 levels left

rFire   + . .      SeeInvis .     - Unarmed
rCold   + . .      Faith    .   b - +0 kite shield
rNeg    . . .      Spirit   .   D - +2 robe {rC+ rF+}
rPois   .          Reflect  .   (helmet restricted)
rElec   .          Harm     .   (no cloak)
rCorr   .          Rampage  .   (gloves unavailable)
Will    .....                   (boots unavailable)
Stlth   +++.......              (no amulet)
HPRegen 1.04/turn               (no ring)
MPRegen 0.12/turn               (no ring)

@: heroic
A: large, unfitting armour, claws 3, regeneration 1, shaggy fur 1, tough skin 1
a: Renounce Religion, Heroism


You were in a bailey.
You worshipped Okawaru.
Okawaru was most pleased with you.
You visited 2 branches of the dungeon, and saw 8 of its levels.
You also visited: Bailey.

You collected 515 gold pieces.


Innate Abilities, Weirdness & Mutations

You are too large for most types of armour.
You have claws for hands.
Your natural rate of healing is unusually fast.
You are covered in fur. (AC +1)
You have tough skin. (AC +1)


   Skills:
 + Level 5.3(10.3) Fighting
 + Level 5.5(10.5) Throwing
 - Level 2.4(7.4) Dodging
 + Level 5.6(10.6) Shields
 + Level 7.3(12.3) Unarmed Combat
 * Level 3.6 Invocations


You had 8 spell levels left.
You didn't know any spells.
Your spell library contained the following spells:

 Spells                   Type           Power      Damage    Failure   Level
 Apportation              Tloc           0%         N/A       71%         1
 Necrotise                Necr           0%         1d4       71%         1
 Gell's Gravitas          Tloc           0%         N/A       97%         3
 Lesser Beckoning         Tloc           0%         N/A       97%         3
 Portal Projectile        Hex/Tloc       0%         N/A       97%         3
 Teleport Other           Tloc           0%         N/A       97%         3
 Vampiric Draining        Necr           0%         2d6       97%         3
 Passage of Golubria      Tloc           0%         N/A       100%        4
 Agony                    Necr           0%         N/A       100%        5
 Alistair's Intoxication  Tmut/Pois      0%         N/A       100%        5
 Blade Hands              Tmut           0%         N/A       100%        5
 Yara's Violent Unravell  Hex/Tmut       0%         3d3       100%        5
 Tukima's Dance           Hex            Unusable   N/A       N/A         3

Inventory:

Missiles
 l - a javelin (quivered)
 x - a throwing net {=f}
Armour
 b - a +0 kite shield (worn)
 D - a +2 robe of resistance (worn)
Wands
 A - a wand of polymorph (2)
 B - a wand of flame (9)
Scrolls
 a - a scroll of immolation {unknown}
 d - a scroll of amnesia {unknown}
 e - a scroll of acquirement {unknown}
 h - 2 scrolls of enchant armour {unknown}
 p - 2 scrolls of enchant weapon
 r - a scroll of torment {unknown}
 u - 3 scrolls of poison
 y - a scroll of brand weapon {unknown}
 z - a scroll of vulnerability {unknown}
Potions
 c - a potion of might
 f - 2 potions of cancellation
 i - 2 potions of attraction
 k - 2 potions of mutation {unknown}
 m - 2 potions of heal wounds {@q2}
 n - a potion of invisibility {unknown}
 o - 5 potions of lignification
 s - a potion of curing {unknown}
 t - a potion of haste {unknown}
 v - a potion of flight {unknown}
 w - 2 potions of magic
 C - a potion of degeneration {unknown}

Dungeon Overview and Level Annotations

Branches:
Dungeon (7/15)             Temple (1/1) D:5          Bailey (1/1)

Altars:
Cheibriados
Dithmenos
Elyvilon
Hepliaklqana
Kikubaaqudgha
Makhleb
Okawaru
Qazlal
Ru
Sif Muna
Trog
Uskayaw
Vehumet
Wu Jian
Yredelemnul
Zin

▒▒▒▒▒▒▒▒▒
▒.......▒▒
.........▒▒
...~~~....▒▒
▒▒▒♣~♣▒#▒..▒▒
.i #▒i.▒▒ ..♣
##i.▒ . ▒@.▒
♣..▒ ♣..▒
▒).▒ ▒).▒
▒▒).▒ ##..▒▒
.▒ ▒♣..▒▒
..▒♣▒#▒▒#..▒▒


You could see 2 spriggans.


Message History

The spriggan hits you from afar with a +0 spear.
The spriggan hits you with a +0 trident!
You miss the spriggan.
The spriggan is heavily wounded.
The spriggan hits you from afar with a +0 spear.
The spriggan barely misses you.
You closely miss the spriggan.
The spriggan is heavily wounded.
The spriggan hits you from afar with a +0 spear!
* * * LOW HITPOINT WARNING * * *
The spriggan closely misses you.
Use which ability? (? or * to list)
You gain the combat prowess of a mighty hero.
The spriggan hits you from afar with a +0 spear!
* * * LOW HITPOINT WARNING * * *
The spriggan hits you with a +0 trident.
* * * LOW HITPOINT WARNING * * *
You are too injured to fight recklessly!
You are too injured to fight recklessly!
You miss the spriggan.
The spriggan is heavily wounded.
The spriggan barely misses you.
The spriggan hits you with a +0 trident!
* * * LOW HITPOINT WARNING * * *
You closely miss the spriggan.
The spriggan is heavily wounded.
The spriggan hits you from afar with a +0 spear!
* * * LOW HITPOINT WARNING * * *
The spriggan hits you with a +0 trident.
You die...

Skill      XL: |  1  2  3  4  5  6  7  8  9 |
---------------+----------------------------+-----
Unarmed Combat | 3 4 5 6 7 |  7.3
Throwing       | 1 2 4 5 |  5.5
Shields        | 3 4 5 |  5.6
Fighting       | 3 4 5 |  5.3
Invocations    | 2 3 |  3.6
Dodging        | |  2.4

Action                   |  1- 3 |  4- 6 |  7- 9 || total
-------------------------+-------+-------+-------++-------
Melee: Unarmed           |   111 |   127 |   196 ||   434
Throw: Javelin           |     2 |     4 |     5 ||    11
Invok: Heroism           |       |       |     8 ||     8
  Use: Scroll            |       |       |    11 ||    11
 Stab: Distracted        |       |     1 |       ||     1
Armor: Robe              |    43 |    16 |    37 ||    96
Dodge: Dodged            |    25 |    33 |    76 ||   134
Block: Kite shield       |    40 |    47 |    89 ||   176

Levels and vault maps discovered:
D:1:      dpeg_arrival_stonehenge_12_columns, layout_basic,
          hellmonk_ecumenical_altar_inner_sanctum, minmay_statues_item
D:2:      layout_basic, chequers_serial_rivers_small_b
D:3:      layout_rooms, trog_butcher_becter, amcnicky_altar_gilded,
          chequers_serial_rivers_small_3, minmay_crystal_water
D:4:      layout_basic, mainiacjoe_overflow_concentric_impassable,
          chequers_avenue, minmay_fractal_squares_5
D:5:      layout_basic, minmay_temple_entry_stoned_glass, skrybe_limestone_x,
          minivault_23, grunt_decor_arrowhead, kennysheep_generic_room_6
D:6:      layout_loops_ring, yredelemnul_forgotten_temple_becter,
          elyvilon_altar_5, uniq_eustachio
D:7:      layout_gridville, enter_bailey_6,
          nicolae_concentric_dashed_squares_wild, nrook_mini_vaults,
          uniq_crazy_yiuf_cottage
Temple:   minmay_freezing_vapour_temple
Bailey:   bailey_polearm_enchanted_keep_hellmonk, bailey

Notes
Turn   | Place    | Note
-------+----------+-------------------------------------------
     0 | D:1      | xzight the Troll Fighter began the quest for the Orb.
     0 | D:1      | Reached XP level 1. HP: 22/22 MP: 0/0
   150 | D:1      | Found a faded altar of an unknown god.
   469 | D:1      | Reached XP level 2. HP: 29/29 MP: 1/1
   866 | D:2      | Reached skill level 3 in Unarmed Combat
  1159 | D:2      | Reached XP level 3. HP: 34/36 MP: 2/2
  1696 | D:3      | Reached skill level 4 in Unarmed Combat
  1780 | D:3      | Identified the +5 ring mail of the Guardian {rC+ Int+2
                  | Stlth-}
  1805 | D:3      | Noticed a kobold brigand
  1833 | D:3      | Found a bloodstained altar of Trog.
  1892 | D:3      | Found a stormy altar of Qazlal.
  2110 | D:3      | Reached XP level 4. HP: 44/44 MP: 3/3
  2477 | D:4      | Noticed a bullfrog
  2484 | D:4      | Killed a bullfrog
  2485 | D:4      | Reached skill level 1 in Throwing
  2485 | D:4      | Reached skill level 3 in Shields
  2497 | D:4      | Identified the +8 spear of Gat Boac {speed, Int+2 Dex+3}
  2531 | D:4      | Reached XP level 5. HP: 52/52 MP: 4/4
  2544 | D:4      | Noticed an ogre
  2694 | D:4      | Found a shimmering blue altar of Sif Muna.
  2806 | D:4      | Killed an ogre
  2807 | D:4      | Reached skill level 3 in Fighting
  2838 | D:4      | Reached XP level 6. HP: 53/61 MP: 5/5
  2868 | D:3      | Reached skill level 2 in Throwing
  3318 | D:5      | Entered Level 5 of the Dungeon
  3466 | D:5      | Found a staircase to the Ecumenical Temple.
  3499 | Temple   | Entered the Ecumenical Temple
  3504 | Temple   | Became a worshipper of Warmaster Okawaru
  3536 | D:5      | Identified the +5 ring mail of Anaesthesia {Str+2}
  3579 | D:5      | Reached skill level 5 in Unarmed Combat
  3583 | D:5      | Reached skill level 4 in Shields
  3583 | D:5      | Reached XP level 7. HP: 67/67 MP: 6/6
  4002 | D:5      | Reached skill level 3 in Throwing
  4306 | D:6      | Reached skill level 4 in Fighting
  4330 | D:6      | Found a white marble altar of Elyvilon.
  4334 | D:6      | Reached * piety under Okawaru
  4390 | D:6      | Noticed Eustachio
  4395 | D:6      | Killed Eustachio
  4396 | D:6      | Reached skill level 4 in Throwing
  4396 | D:6      | Reached skill level 6 in Unarmed Combat
  4455 | D:6      | Reached XP level 8. HP: 68/78 MP: 7/7
  4493 | D:6      | Identified a +2 robe of resistance
  4639 | D:6      | Reached ** piety under Okawaru
  4874 | D:6      | Found a basalt altar of Yredelemnul.
  5434 | D:7      | Reached skill level 5 in Throwing
  5434 | D:7      | Reached skill level 5 in Shields
  5434 | D:7      | Reached skill level 1 in Invocations
  5456 | D:7      | Noticed a hornet
  5466 | D:7      | Paralysed by a hornet for 1 turns
  5470 | D:7      | Killed a hornet
  5470 | D:7      | Reached *** piety under Okawaru
  5471 | D:7      | Reached skill level 7 in Unarmed Combat
  5471 | D:7      | Reached skill level 2 in Invocations
  5554 | D:7      | Found a flagged portal.
  5572 | D:7      | Reached skill level 5 in Fighting
  5580 | D:7      | Reached XP level 9. HP: 58/88 MP: 7/9
  5932 | D:7      | Reached skill level 3 in Invocations
  5989 | Bailey   | Entered a bailey
  6061 | Bailey   | HP: 4/88 [spriggan/+0 spear (10)]
  6061 | Bailey   | Slain by a spriggan

Vanquished Creatures
  A hornet (D:7)
  A spriggan (Bailey)
  Eustachio (D:6)
  2 steam dragons
  A water moccasin (D:7)
  2 sky beasts (D:6)
  4 ogres
  A phantom (D:6)
  3 bullfrogs
  A necrophage (D:7)
  3 wights (D:7)
  3 killer bees (D:7)
  A howler monkey (D:5)
  3 jellies
  A hound (D:6)
  5 gnoll boudas
  6 iguanas
  2 orc wizards
  12 gnolls
  9 adders
  A white imp (D:6)
  A worm (D:2)
  A dart slug (D:4)
  18 orcs
  7 endoplasms
  4 giant cockroaches
  4 goblins
  2 hobgoblins
  2 jackals (D:3)
  8 kobolds
  3 quokkas
  6 ball pythons
  5 bats
  3 frilled lizards
  3 rats
  A spectral orc (D:6)
131 creatures vanquished.

Table legend: (Time is in decaauts)
 A = Elapsed time spent in this place.
 B = Non-inter-level travel time spent in this place.
 C = Inter-level travel time spent in this place.
 D = Time resting spent in this place.
 E = Time spent auto-exploring this place.
 F = Levels seen in this place.
 G = Mean time per level.
                   A        B        C        D        E       F      G
               +--------+--------+--------+--------+--------+-----+--------+
         Total |   6098 |   5764 |    334 |    367 |   4003 |   9 |  677.6 |
       Dungeon |   6010 |   5676 |    334 |    341 |   3981 |   7 |  858.6 |
        Temple |     14 |     14 |      0 |      4 |      0 |   1 |   14.0 |
        Bailey |     72 |     72 |      0 |     22 |     22 |   1 |   72.0 |
               +--------+--------+--------+--------+--------+-----+--------+

Top non-repeatable levels by time:
     D:6: 1091 daAuts
     D:5: 992 daAuts
     D:2: 985 daAuts
     D:3: 827 daAuts
     D:1: 791 daAuts
     D:4: 746 daAuts
     D:7: 576 daAuts
  Bailey: 72 daAuts
  Temple: 14 daAuts

Table legend:
 A = Non-vault XP
 B = Vault XP
 C = Vault XP percentage of total XP
 D = Non-vault monster count
 E = Vault monster count
 F = Vault count percentage of total count
                 A         B        C        D         E       F
            +---------+---------+-------+---------+---------+-------
      Total |    3083 |     919 |  23.0 |     113 |      18 |  13.7
            +---------+---------+-------+---------+---------+-------
        D:1 |      16 |       0 |   0.0 |       9 |       0 |   0.0
        D:2 |      51 |       0 |   0.0 |      16 |       0 |   0.0
        D:3 |      95 |      20 |  17.4 |      15 |       5 |  25.0
        D:4 |     194 |     160 |  45.2 |      17 |       6 |  26.1
        D:5 |     335 |      78 |  18.9 |      11 |       2 |  15.4
        D:6 |     981 |     204 |  17.2 |      23 |       2 |   8.0
        D:7 |    1411 |       0 |   0.0 |      22 |       0 |   0.0
     Bailey |       0 |     457 | 100.0 |       0 |       3 | 100.0
            +---------+---------+-------+---------+---------+-------
